Warning! The script has encountered some errors when parsing the replay. Please report them to the . » details
0x00, prev: 0x16: 16 02 01 00 92 6F 00 00 80 DC 03 00 [00] 00 00 00 00 00 00 00 00 00 00 00 00 00 00 00 00 00 00 00 00 00 00 00 03 00 03 03 00 18 01 03
0x00, prev: 0x00: 16 02 01 00 92 6F 00 00 80 DC 03 00 00 00 00 00 00 00 00 00 00 00 00 00 00 00 00 00 00 00 00 00 00 00 [00] 00 03 00 03 03 00 18 01 03
0x00, prev: 0x01: 16 02 01 00 B9 72 00 00 3D D1 00 00 00 00 00 00 00 00 00 00 00 00 00 00 00 00 00 00 00 00 00 00 00 00 00 00 01 [00] 04 1F 00 12 18 00 03 00 0D 00 FF FF FF FF FF FF FF FF 24 63 AA 45 60 41 F8 42 FF FF FF FF FF FF FF FF 04 11 00 18 00 03 1A 19 6D 62 70 4E B8 60 00 00 F8 D5 00 00 03 03 00 18 00 03
0x00, prev: 0x02: 16 02 01 00 CB 77 00 00 FA 0F 02 00 00 00 00 00 00 00 00 00 00 00 00 00 00 00 00 00 00 00 00 00 00 00 00 00 02 [00]
General information
- name: BNet
- type: Ladder team game (AT/RT)
- host: Battle.net
- saver: Gobiner
map: RiverOfSouls
- players: 6
- length: 12:55
- speed: Fast
- version: 1.23 W3XP
- replay type: Public
» download(89 KB)
Players
team 1 (loser)
Gobiner (
purple | 59 APM | 558 actions | 09:23)
3 Blademaster
2 Wind Walk
1 Critical Strike
» actions
| Assign group hotkey | 9 | |
| Basic commands | 21 | |
| Build / train | 33 | |
| Enter build submenu | 29 | |
| Enter hero's abilities submenu | 3 | |
| Give item / drop item | 1 | |
| Right click | 211 | |
| Select / deselect | 81 | |
| Select group hotkey | 118 | |
| Use ability | 52 | |
558 total
» units
» buildings
| Altar of Storms | 1 | |
| Orc Burrow | 4 | |
| War Mill | 1 | |
| Watch Tower | 20 | |
| Stronghold | 1 | |
| Voodoo Lounge | 1 | |
| Fortress | 1 | |
| Beastiary | 2 | |
31 total
» build order
00:09 Altar of Storms
00:18 Orc Burrow
00:32 War Mill
01:45 Watch Tower
01:52 Orc Burrow
02:15 Watch Tower
02:43 Watch Tower
03:32 Watch Tower
03:33 Watch Tower
03:46 Watch Tower
04:51 Watch Tower
05:02 Watch Tower
05:54 Fortress
06:28 Watch Tower
06:30 Watch Tower
06:41 Beastiary
06:44 Beastiary
07:56 Orc Burrow
07:59 Orc Burrow
08:58 Watch Tower
08:59 Watch Tower
» items
| Boots of Speed | 1 | |
| Staff of Teleportation | 1 | |
| Lesser Clarity Potion | 2 | |
| Healing Salve | 1 | |
5 total
kunt.roII (
orange | 146 APM | 1361 actions | 09:21)
3 Blademaster
2 Wind Walk
1 Critical Strike
» actions
| Assign group hotkey | 37 | |
| Build / train | 59 | |
| ESC pressed | 3 | |
| Enter build submenu | 25 | |
| Enter hero's abilities submenu | 3 | |
| Give item / drop item | 1 | |
| Right click | 550 | |
| Select / deselect | 137 | |
| Select group hotkey | 462 | |
| Use ability | 84 | |
1361 total
» units
» upgrades
| Ranged Weapons | 1 | |
| Liquid Fire | 1 | |
2 total
» buildings
| Altar of Storms | 1 | |
| Orc Burrow | 4 | |
| War Mill | 1 | |
| Voodoo Lounge | 1 | |
| Watch Tower | 10 | |
| Stronghold | 3 | |
| Beastiary | 4 | |
| Fortress | 2 | |
26 total
» build order
00:09 Altar of Storms
00:21 Orc Burrow
00:51 War Mill
01:12 Voodoo Lounge
01:51 Orc Burrow
02:19 Watch Tower
02:37 Watch Tower
03:09 Stronghold
03:09 Stronghold
03:17 Watch Tower
03:24 Watch Tower
03:46 Watch Tower
04:07 Fortress
04:07 Fortress
» items
| Lesser Clarity Potion | 4 | |
| Healing Salve | 2 | |
| Staff of Teleportation | 1 | |
| Boots of Speed | 1 | |
| Potion of Healing | 1 | |
| Orb of Lightning | 4 | |
13 total
MrFrosty (
yellow | 90 APM | 844 actions | 09:23)
3 Archmage
2 Blizzard
1 Brilliance Aura
» actions
| Assign group hotkey | 3 | |
| Basic commands | 3 | |
| Build / train | 30 | |
| ESC pressed | 3 | |
| Enter build submenu | 23 | |
| Enter hero's abilities submenu | 3 | |
| Right click | 433 | |
| Select / deselect | 176 | |
| Select group hotkey | 124 | |
| Use ability | 46 | |
844 total
» units
» upgrades
» buildings
| Altar of Kings | 1 | |
| Farm | 2 | |
| Scout Tower | 17 | |
| Lumber Mill | 2 | |
| Arcane Tower | 2 | |
| Guard Tower | 6 | |
30 total
» build order
00:06 Altar of Kings
00:19 Farm
00:41 Scout Tower
01:04 Lumber Mill
01:13 Arcane Tower
01:31 Farm
01:45 Scout Tower
02:13 Guard Tower
02:16 Scout Tower
02:32 Scout Tower
02:43 Guard Tower
03:02 Scout Tower
03:05 Scout Tower
03:18 Scout Tower
03:30 Arcane Tower
03:36 Guard Tower
03:40 Scout Tower
03:46 Lumber Mill
» items
| Staff of Teleportation | 1 | |
| Boots of Speed | 1 | |
2 total
team 2 (winner)
BlackOut- (
green | 122 APM | 1142 actions | 09:23)
2 Pandaren Brewmaster
1 Breath of Fire
1 Drunken Haze
» actions
| Assign group hotkey | 96 | |
| Basic commands | 15 | |
| Build / train | 38 | |
| ESC pressed | 2 | |
| Enter build submenu | 20 | |
| Enter hero's abilities submenu | 2 | |
| Right click | 615 | |
| Select / deselect | 68 | |
| Select group hotkey | 256 | |
| Use ability | 30 | |
1142 total
» units
» upgrades
» buildings
| Altar of Elders | 1 | |
| Moon Well | 7 | |
| Tree of Ages | 1 | |
| Hunter's Hall | 1 | |
| Ancient of Wonders | 1 | |
| Ancient Protector | 4 | |
| Ancient of Lore | 3 | |
18 total
» build order
00:14 Altar of Elders
00:20 Moon Well
03:46 Ancient Protector
04:02 Ancient of Lore
05:15 Ancient of Lore
05:17 Ancient of Lore
06:15 Moon Well
06:17 Moon Well
NEGATIVE) (
teal | 253 APM | 2373 actions | 09:23)
3 Pandaren Brewmaster
2 Breath of Fire
1 Drunken Haze
» actions
| Assign group hotkey | 26 | |
| Basic commands | 26 | |
| Build / train | 40 | |
| Enter build submenu | 20 | |
| Enter hero's abilities submenu | 3 | |
| Right click | 855 | |
| Select / deselect | 172 | |
| Select group hotkey | 1192 | |
| Use ability | 39 | |
2373 total
» units
| Acolyte | 6 | |
| Ghoul | 1 | |
| Gargoyle | 6 | |
| Crypt Fiend | 6 | |
| Frost Wyrm | 2 | |
21 total
» upgrades
| Creature Attack | 2 | |
| Creature Carapace | 1 | |
| Stone Form | 1 | |
| Web | 1 | |
5 total
» buildings
| Graveyard | 1 | |
| Crypt | 5 | |
| Halls of the Dead | 1 | |
| Ziggurat | 7 | |
| Altar of Darkness | 1 | |
| Black Citadel | 3 | |
| Nerubian Tower | 1 | |
| Spirit Tower | 1 | |
| Tomb of Relics | 1 | |
| Sacrificial Pit | 2 | |
| Boneyard | 2 | |
25 total
» build order
00:24 Graveyard
00:27 Crypt
00:39 Halls of the Dead
00:52 Ziggurat
01:13 Altar of Darkness
01:36 Crypt
01:44 Crypt
01:46 Crypt
01:49 Crypt
01:52 Ziggurat
02:00 Ziggurat
02:12 Ziggurat
03:46 Sacrificial Pit
04:15 Boneyard
04:16 Boneyard
» items
| Scroll of Healing | 1 | |
| Potion of Lesser Invulnerability | 1 | |
| Scroll of Town Portal | 1 | |
3 total
RAWTALENt (
blue | 72 APM | 678 actions | 09:23)
2 Pandaren Brewmaster
1 Breath of Fire
1 Drunken Brawler
» actions
| Assign group hotkey | 4 | |
| Build / train | 39 | |
| Enter build submenu | 7 | |
| Enter hero's abilities submenu | 2 | |
| Remove unit from queue | 3 | |
| Right click | 352 | |
| Select / deselect | 228 | |
| Select group hotkey | 7 | |
| Use ability | 36 | |
678 total
» units
» buildings
| Altar of Elders | 1 | |
| Moon Well | 1 | |
| Hunter's Hall | 1 | |
| Tree of Ages | 1 | |
4 total
» build order
00:06 Altar of Elders
00:16 Moon Well
03:46 Hunter's Hall
05:46 Tree of Ages
Chat log
(00:51 / All) MrFrosty: garg feed
(00:54 / All) kunt.roII: Nice strat
(01:01 / All) RAWTALENt: u cant fob a god
(01:20 / All) RAWTALENt: nice tower u fuckin gook
(01:26 / All) kunt.roII: ?
(01:31 / All) kunt.roII:
(01:33 / All) RAWTALENt: your bases look like shit
(03:46 / All) Gobiner:
(09:20 / All) kunt.roII: its funny how bad you would lose if you wouldnt maphack